2024 views
Uploaded 2023-01-18 00:57:59
Game version 1.32.10
24:32 long 3on3 ladder game on (6)StranglethornVale
Saved by GIGA
2024 views
Uploaded 2023-01-18 00:57:59
Game version 1.32.10
24:32 long 3on3 ladder game on (6)StranglethornVale


114 units @ 13.8k
/ 1.5k
42 buildings @ 7.2k
/ 2.7k


| Lesser Clarity Potion | 1 | 70 |
| Periapt of Vitality | 1 | 325 |
| Circlet of Nobility | 1 | 175 |
| Potion of Lesser Invulnerability | 1 | 150 |
| Scroll of Speed | 1 | 50 |
| total: | 5 | 770g |
| Wisp | 16 | 960 | / | 0 |
| Archer | 1 | 130 | / | 10 |
| Huntress | 6 | 1170 | / | 120 |
| Dryad | 12 | 1740 | / | 720 |
| total: | 35 | 4000g | / | 850w |
| Ancient Protector | 2 | 270 | / | 160 |
| Altar of Elders | 1 | 180 | / | 50 |
| Moon Well | 4 | 720 | / | 160 |
| Ancient of War | 1 | 150 | / | 60 |
| Hunter's Hall | 1 | 210 | / | 100 |
| Ancient of Wonders | 1 | 90 | / | 30 |
| Tree of Life | 1 | 340 | / | 185 |
| Ancient of Lore | 2 | 310 | / | 290 |
| Tree of Ages | 1 | 320 | / | 180 |
| Tree of Eternity | 1 | 330 | / | 200 |
| total: | 13 | 2270g | / | 1035w |
| 0:07 | Wisp |
| 0:07 | Wisp |
| 0:13 | Altar of Elders |
| 0:20 | Moon Well |
| 0:23 | Wisp |
| 0:37 | Wisp |
| 1:02 | Wisp |
| 1:07 | Ancient of War |
| 1:19 | Wisp |
| 1:33 | Hunter's Hall |
| 1:39 | Wisp |
| 1:51 | Wisp |
| 2:01 | Moon Well |
| 2:05 | Wisp |
| 2:19 | Searing Arrows |
| 2:37 | Archer |
| 2:47 | Tree of Ages |
| 2:58 | Huntress |
| 3:15 | Ancient Protector |
| 3:30 | Huntress |
| 3:48 | Ancient Protector |
| 3:57 | Ancient of Wonders |
| 4:19 | Huntress |
| 4:27 | Moon Well |
| 4:45 | Huntress |
| 4:55 | Trueshot Aura |
| 5:40 | Wisp |
| 5:43 | Ancient of Lore |
| 5:55 | Wisp |
| 6:09 | Huntress |
| 6:20 | Ancient of Lore |
| 6:35 | Lesser Clarity Potion |
| 6:35 | Scroll of Speed |
| 6:39 | Huntress |
| 7:03 | Wisp |
| 7:34 | Life Drain |
| 7:42 | Abolish Magic |
| 8:16 | Dryad |
| 8:42 | Dryad |
| 8:48 | Strength of the Wild |
| 9:15 | Dryad |
| 9:47 | Dryad |
| 9:58 | Trueshot Aura |
| 10:29 | Dryad |
| 10:30 | Druid of the Claw Adept Training |
| 10:36 | Reinforced Hides |
| 10:57 | Black Arrow |
| 11:28 | Dryad |
| 11:56 | Dryad |
| 12:38 | Dryad |
| 13:14 | Dryad |
| 13:28 | Druid of the Claw Master Training |
| 14:19 | Dryad |
| 14:45 | Tree of Life |
| 14:48 | Wisp |
| 14:48 | Wisp |
| 15:17 | Dryad |
| 16:42 | Dryad |
| 16:59 | Wisp |
| 17:07 | Wisp |
| 17:31 | Periapt of Vitality |
| 17:37 | Circlet of Nobility |
| 17:37 | Potion of Lesser Invulnerability |
| 17:54 | Tree of Eternity |
| 19:00 | Moon Well |
| Right click | 387 |
| Select group | 267 |
| Select | 222 |
| Build/train/purchase | 80 |
| Assign group | 23 |
| Use ability | 14 |
| Misc. action | 13 |
| Item give/drop | 2 |
| Remove unit | 2 |


| Potion of Healing | 1 | 150 |
| Orb of Venom | 2 | 650 |
| Scroll of Town Portal | 2 | 700 |
| total: | 5 | 1500g |
| Wisp | 23 | 1380 | / | 0 |
| Archer | 14 | 1820 | / | 140 |
| Hippogryph | 13 | 2080 | / | 260 |
| Druid of the Talon | 3 | 435 | / | 60 |
| total: | 53 | 5715g | / | 460w |
| Ancient Protector | 3 | 405 | / | 240 |
| Ancient of War | 1 | 150 | / | 60 |
| Altar of Elders | 1 | 180 | / | 50 |
| Moon Well | 8 | 1440 | / | 320 |
| Ancient of Wonders | 2 | 180 | / | 60 |
| Hunter's Hall | 1 | 210 | / | 100 |
| Tree of Life | 1 | 340 | / | 185 |
| Ancient of Wind | 2 | 300 | / | 280 |
| Tree of Ages | 1 | 320 | / | 180 |
| Tree of Eternity | 1 | 330 | / | 200 |
| total: | 19 | 3205g | / | 1295w |
| 0:03 | Wisp |
| 0:04 | Wisp |
| 0:05 | Wisp |
| 0:21 | Ancient of War |
| 0:26 | Altar of Elders |
| 0:31 | Moon Well |
| 0:44 | Wisp |
| 1:25 | Archer |
| 1:33 | Moon Well |
| 1:37 | Archer |
| 1:49 | Archer |
| 2:06 | Wisp |
| 2:06 | Wisp |
| 2:15 | Archer |
| 2:30 | Wisp |
| 2:30 | Wisp |
| 2:38 | Archer |
| 2:45 | Wisp |
| 3:06 | Force of Nature |
| 3:28 | Tree of Ages |
| 3:45 | Moon Well |
| 3:49 | Ancient of Wonders |
| 5:49 | Entangling Roots |
| 5:53 | Wisp |
| 5:53 | Wisp |
| 5:56 | Ancient of Wind |
| 5:57 | Ancient of Wind |
| 6:26 | Moon Well |
| 6:29 | Improved Bows |
| 6:50 | Nature's Blessing |
| 7:08 | Hippogryph |
| 7:12 | Hippogryph |
| 7:13 | Hippogryph |
| 7:41 | Scout |
| 7:56 | Tree of Eternity |
| 8:06 | Hunter's Hall |
| 8:20 | Druid of the Talon Adept Training |
| 8:46 | Druid of the Talon |
| 8:50 | Moon Well |
| 9:58 | Tree of Life |
| 10:01 | Ancient of Wonders |
| 10:28 | Hippogryph |
| 10:30 | Archer |
| 10:38 | Wisp |
| 10:38 | Wisp |
| 10:55 | Wisp |
| 11:05 | Druid of the Talon |
| 11:31 | Druid of the Talon Master Training |
| 11:45 | Wisp |
| 11:45 | Wisp |
| 11:45 | Wisp |
| 12:22 | Ancient Protector |
| 12:23 | Ancient Protector |
| 12:23 | Ancient Protector |
| 12:41 | Marksmanship |
| 13:07 | Wisp |
| 13:07 | Wisp |
| 13:07 | Wisp |
| 13:38 | Mark of the Talon |
| 13:41 | Potion of Healing |
| 13:58 | Strength of the Moon |
| 13:58 | Ultravision |
| 14:04 | Hippogryph |
| 14:05 | Archer |
| 14:44 | Wisp |
| 14:44 | Wisp |
| 15:11 | Druid of the Talon |
| 15:13 | Archer |
| 15:15 | Hippogryph |
| 15:21 | Moon Well |
| 15:23 | Wisp |
| 15:45 | Moon Armor |
| 16:01 | Moon Well |
| 16:38 | Moon Well |
| 16:43 | Archer |
| 16:45 | Hippogryph |
| 16:47 | Improved Moon Armor |
| 17:19 | Entangling Roots |
| 17:45 | Hippogryph |
| 17:45 | Hippogryph |
| 17:45 | Hippogryph |
| 17:49 | Reinforced Hides |
| 18:09 | Scroll of Town Portal |
| 18:22 | Hippogryph |
| 19:02 | Archer |
| 19:29 | Scroll of Town Portal |
| 19:33 | Orb of Venom |
| 20:01 | Hippogryph |
| 20:04 | Strength of the Wild |
| 20:11 | Orb of Venom |
| 20:40 | Hippogryph |
| 20:48 | Archer |
| 20:49 | Archer |
| 21:10 | Archer |
| 21:10 | Archer |
| Right click | 614 |
| Select | 461 |
| Build/train/purchase | 95 |
| Use ability | 19 |
| Minimap ping | 5 |
| Misc. action | 3 |
| Remove unit | 2 |
| Item give/drop | 1 |

| Healing Salve | 2 | 200 |
| Lesser Clarity Potion | 1 | 70 |
| Potion of Healing | 1 | 150 |
| Scroll of Speed | 1 | 50 |
| Scroll of Protection | 2 | 300 |
| Potion of Lesser Invulnerability | 1 | 150 |
| total: | 8 | 920g |
| Peon | 9 | 675 | / | 0 |
| Grunt | 14 | 2800 | / | 0 |
| Demolisher | 3 | 660 | / | 150 |
| total: | 26 | 4135g | / | 150w |
| Orc Burrow | 5 | 800 | / | 200 |
| Altar of Storms | 1 | 180 | / | 50 |
| Barracks | 2 | 360 | / | 100 |
| War Mill | 1 | 205 | / | 0 |
| Voodoo Lounge | 1 | 130 | / | 30 |
| Stronghold | 1 | 315 | / | 190 |
| total: | 10 | 1675g | / | 380w |
| 0:06 | Peon |
| 0:06 | Peon |
| 0:06 | Peon |
| 0:25 | Orc Burrow |
| 0:29 | Peon |
| 0:40 | Altar of Storms |
| 0:48 | Peon |
| 0:55 | Barracks |
| 1:16 | Peon |
| 1:26 | War Mill |
| 1:31 | Peon |
| 1:43 | Orc Burrow |
| 1:50 | Peon |
| 2:10 | Grunt |
| 2:29 | Voodoo Lounge |
| 2:36 | Peon |
| 2:40 | Steel Armor |
| 2:47 | War Stomp |
| 3:02 | Grunt |
| 3:38 | Steel Melee Weapons |
| 3:40 | Grunt |
| 3:46 | Orc Burrow |
| 4:18 | Grunt |
| 4:48 | Stronghold |
| 4:57 | Barracks |
| 5:01 | Endurance Aura |
| 5:57 | Grunt |
| 5:58 | Grunt |
| 6:09 | Grunt |
| 6:19 | Healing Salve |
| 6:20 | Lesser Clarity Potion |
| 6:29 | Healing Salve |
| 6:44 | Grunt |
| 6:51 | Orc Burrow |
| 7:11 | Potion of Healing |
| 7:19 | Thorium Melee Weapons |
| 8:24 | Berserker Strength |
| 8:24 | Grunt |
| 8:26 | Thorium Armor |
| 8:39 | Scroll of Speed |
| 10:08 | Scroll of Protection |
| 10:54 | Grunt |
| 10:54 | Grunt |
| 11:55 | Endurance Aura |
| 13:25 | Grunt |
| 14:16 | Grunt |
| 14:16 | Grunt |
| 15:13 | Orc Burrow |
| 15:30 | Scroll of Protection |
| 15:30 | Potion of Lesser Invulnerability |
| 16:45 | Demolisher |
| 16:46 | Demolisher |
| 16:46 | Demolisher |
| 17:46 | Shockwave |
| Right click | 807 |
| Select | 206 |
| Build/train/purchase | 91 |
| Select group | 26 |
| Misc. action | 12 |
| Assign group | 9 |
| Use ability | 7 |
| Minimap ping | 3 |
87 units @ 8.9k
/ 1.4k
141 buildings @ 9.8k
/ 4.7k
DudeWhy
(236)
(24:31) : 

| Mechanical Critter | 4 | 200 |
| total: | 4 | 200g |
| Peasant | 16 | 1200 | / | 0 |
| Mortar Team | 4 | 720 | / | 280 |
| Flying Machine | 21 | 2100 | / | 630 |
| total: | 41 | 4020g | / | 910w |
| Scout Tower | 6 | 180 | / | 120 |
| Arcane Tower | 1 | 70 | / | 50 |
| Guard Tower | 5 | 350 | / | 250 |
| Altar of Kings | 1 | 180 | / | 50 |
| Farm | 18 | 1440 | / | 360 |
| Lumber Mill | 1 | 120 | / | 0 |
| Town Hall | 1 | 385 | / | 205 |
| Arcane Vault | 1 | 130 | / | 30 |
| Blacksmith | 1 | 140 | / | 60 |
| Workshop | 3 | 420 | / | 420 |
| Keep | 1 | 320 | / | 210 |
| Castle | 1 | 360 | / | 210 |
| total: | 32 | 2995g | / | 1245w |
| 0:05 | Peasant |
| 0:08 | Peasant |
| 0:21 | Altar of Kings |
| 0:22 | Peasant |
| 0:28 | Peasant |
| 0:35 | Farm |
| 0:36 | Peasant |
| 0:51 | Lumber Mill |
| 0:53 | Peasant |
| 0:57 | Peasant |
| 1:09 | Peasant |
| 1:11 | Farm |
| 1:15 | Peasant |
| 1:26 | Peasant |
| 1:48 | Peasant |
| 1:51 | Peasant |
| 1:53 | Improved Lumber Harvesting |
| 2:00 | Farm |
| 2:25 | Peasant |
| 2:41 | Storm Bolt |
| 2:56 | Peasant |
| 2:58 | Improved Masonry |
| 3:08 | Town Hall |
| 3:13 | Scout Tower |
| 3:31 | Scout Tower |
| 3:32 | Scout Tower |
| 3:34 | Scout Tower |
| 3:38 | Scout Tower |
| 3:39 | Scout Tower |
| 3:45 | Arcane Tower |
| 4:00 | Guard Tower |
| 4:05 | Guard Tower |
| 4:11 | Guard Tower |
| 4:23 | Peasant |
| 4:42 | Keep |
| 4:55 | Guard Tower |
| 5:41 | Arcane Vault |
| 5:51 | Guard Tower |
| 5:53 | Peasant |
| 6:43 | Bash |
| 7:03 | Castle |
| 7:08 | Blacksmith |
| 7:20 | Advanced Lumber Harvesting |
| 7:21 | Advanced Masonry |
| 8:20 | Holy Light |
| 8:45 | Farm |
| 8:46 | Farm |
| 8:47 | Farm |
| 8:47 | Farm |
| 8:48 | Farm |
| 8:49 | Farm |
| 9:03 | Black Gunpowder |
| 9:04 | Iron Plating |
| 9:52 | Workshop |
| 10:40 | Workshop |
| 10:41 | Fragmentation Shards |
| 10:43 | Flare |
| 10:50 | Workshop |
| 10:55 | Mechanical Critter |
| 10:55 | Mechanical Critter |
| 11:09 | Imbued Masonry |
| 11:12 | Refined Gunpowder |
| 11:12 | Steel Plating |
| 11:22 | Flak Cannons |
| 11:54 | Flying Machine Bombs |
| 12:12 | Mortar Team |
| 12:15 | Farm |
| 12:15 | Farm |
| 12:15 | Farm |
| 12:20 | Mechanical Critter |
| 12:54 | Flying Machine |
| 12:54 | Flying Machine |
| 12:54 | Flying Machine |
| 12:54 | Flying Machine |
| 12:54 | Flying Machine |
| 12:55 | Flying Machine |
| 12:55 | Flying Machine |
| 13:08 | Flying Machine |
| 13:08 | Flying Machine |
| 13:08 | Flying Machine |
| 13:08 | Flying Machine |
| 13:09 | Flying Machine |
| 13:09 | Flying Machine |
| 13:09 | Flying Machine |
| 13:21 | Flying Machine |
| 13:21 | Flying Machine |
| 13:25 | Imbued Gunpowder |
| 13:26 | Farm |
| 13:27 | Farm |
| 13:30 | Mechanical Critter |
| 14:08 | Mithril Plating |
| 15:16 | Flying Machine |
| 15:16 | Flying Machine |
| 15:17 | Flying Machine |
| 15:17 | Flying Machine |
| 15:17 | Flying Machine |
| 18:46 | Storm Bolt |
| 18:48 | Storm Bolt |
| 18:51 | Divine Shield |
| 18:52 | Divine Shield |
| 21:31 | Holy Light |
| 21:32 | Holy Light |
| 21:40 | Mortar Team |
| 21:40 | Mortar Team |
| 21:41 | Mortar Team |
| 23:24 | Bash |
| 23:25 | Bash |
| 23:27 | Divine Shield |
| 23:42 | Farm |
| 23:43 | Farm |
| 23:44 | Farm |
| 23:46 | Farm |
| Right click | 904 |
| Select group | 407 |
| Select | 265 |
| Build/train/purchase | 91 |
| Misc. action | 66 |
| Use ability | 61 |
| Resource trade | 29 |
| Assign group | 12 |
| Minimap ping | 4 |


| Peasant | 23 | 1725 | / | 0 |
| Dragonhawk Rider | 3 | 600 | / | 90 |
| Goblin Shredder | 1 | 375 | / | 100 |
| total: | 27 | 2700g | / | 190w |
| Scout Tower | 75 | 2250 | / | 1500 |
| Arcane Tower | 10 | 700 | / | 500 |
| Guard Tower | 21 | 1470 | / | 1050 |
| Altar of Kings | 1 | 180 | / | 50 |
| Farm | 12 | 960 | / | 240 |
| Lumber Mill | 2 | 240 | / | 0 |
| Town Hall | 2 | 770 | / | 410 |
| Arcane Vault | 1 | 130 | / | 30 |
| Arcane Sanctum | 1 | 150 | / | 140 |
| Gryphon Aviary | 1 | 140 | / | 150 |
| Keep | 1 | 320 | / | 210 |
| Castle | 1 | 360 | / | 210 |
| total: | 95 | 4820g | / | 2520w |
| 0:02 | Peasant |
| 0:03 | Peasant |
| 0:08 | Altar of Kings |
| 0:12 | Farm |
| 0:13 | Farm |
| 0:25 | Peasant |
| 0:25 | Peasant |
| 0:34 | Peasant |
| 0:54 | Lumber Mill |
| 0:56 | Peasant |
| 1:05 | Peasant |
| 1:11 | Scout Tower |
| 1:19 | Farm |
| 1:21 | Peasant |
| 1:25 | Farm |
| 1:28 | Peasant |
| 1:33 | Peasant |
| 1:42 | Arcane Tower |
| 1:51 | Peasant |
| 1:57 | Scout Tower |
| 2:01 | Improved Lumber Harvesting |
| 2:12 | Peasant |
| 2:33 | Storm Bolt |
| 2:51 | Peasant |
| 2:51 | Peasant |
| 2:52 | Guard Tower |
| 2:55 | Scout Tower |
| 3:05 | Scout Tower |
| 3:06 | Scout Tower |
| 3:07 | Scout Tower |
| 3:08 | Scout Tower |
| 3:08 | Scout Tower |
| 3:09 | Scout Tower |
| 3:10 | Scout Tower |
| 3:11 | Scout Tower |
| 3:12 | Scout Tower |
| 3:12 | Scout Tower |
| 3:13 | Scout Tower |
| 3:13 | Scout Tower |
| 3:25 | Guard Tower |
| 3:33 | Keep |
| 3:49 | Improved Masonry |
| 4:00 | Scout Tower |
| 4:00 | Scout Tower |
| 4:08 | Scout Tower |
| 4:13 | Guard Tower |
| 4:16 | Scout Tower |
| 4:20 | Guard Tower |
| 4:24 | Scout Tower |
| 4:25 | Scout Tower |
| 4:25 | Scout Tower |
| 4:33 | Scout Tower |
| 4:34 | Scout Tower |
| 4:35 | Scout Tower |
| 4:36 | Scout Tower |
| 4:38 | Scout Tower |
| 4:42 | Guard Tower |
| 4:53 | Lumber Mill |
| 4:57 | Scout Tower |
| 4:59 | Guard Tower |
| 5:23 | Goblin Shredder |
| 5:37 | Arcane Tower |
| 5:47 | Arcane Tower |
| 5:49 | Arcane Tower |
| 5:53 | Scout Tower |
| 5:54 | Scout Tower |
| 6:07 | Bash |
| 6:10 | Advanced Masonry |
| 6:17 | Castle |
| 6:38 | Farm |
| 6:49 | Guard Tower |
| 6:52 | Arcane Tower |
| 6:54 | Scout Tower |
| 6:55 | Scout Tower |
| 6:58 | Scout Tower |
| 6:59 | Scout Tower |
| 7:00 | Scout Tower |
| 7:04 | Guard Tower |
| 7:14 | Arcane Sanctum |
| 7:18 | Scout Tower |
| 7:19 | Scout Tower |
| 7:28 | Arcane Tower |
| 7:33 | Guard Tower |
| 7:48 | Scout Tower |
| 7:49 | Scout Tower |
| 7:49 | Scout Tower |
| 7:50 | Scout Tower |
| 7:51 | Scout Tower |
| 7:51 | Scout Tower |
| 7:52 | Scout Tower |
| 7:52 | Scout Tower |
| 7:53 | Scout Tower |
| 7:53 | Scout Tower |
| 7:58 | Arcane Tower |
| 8:10 | Gryphon Aviary |
| 8:17 | Scout Tower |
| 8:23 | Scout Tower |
| 8:24 | Scout Tower |
| 8:25 | Scout Tower |
| 8:26 | Scout Tower |
| 8:27 | Scout Tower |
| 8:28 | Scout Tower |
| 8:28 | Scout Tower |
| 8:44 | Arcane Tower |
| 8:45 | Guard Tower |
| 8:49 | Scout Tower |
| 8:51 | Scout Tower |
| 8:56 | Scout Tower |
| 8:56 | Scout Tower |
| 9:04 | Holy Light |
| 9:18 | Peasant |
| 9:18 | Peasant |
| 9:18 | Peasant |
| 9:32 | Town Hall |
| 9:42 | Guard Tower |
| 9:45 | Guard Tower |
| 10:08 | Guard Tower |
| 10:14 | Guard Tower |
| 10:50 | Scout Tower |
| 10:51 | Scout Tower |
| 10:53 | Scout Tower |
| 10:53 | Scout Tower |
| 10:55 | Guard Tower |
| 11:02 | Arcane Vault |
| 11:11 | Imbued Masonry |
| 11:19 | Guard Tower |
| 11:50 | Cloud |
| 11:53 | Scout Tower |
| 11:54 | Scout Tower |
| 11:55 | Scout Tower |
| 11:56 | Scout Tower |
| 12:09 | Guard Tower |
| 12:22 | Dragonhawk Rider |
| 12:23 | Dragonhawk Rider |
| 12:23 | Dragonhawk Rider |
| 12:26 | Guard Tower |
| 12:31 | Scout Tower |
| 12:33 | Scout Tower |
| 12:34 | Scout Tower |
| 12:43 | Farm |
| 12:58 | Farm |
| 13:13 | Guard Tower |
| 13:15 | Arcane Tower |
| 13:23 | Farm |
| 13:46 | Farm |
| 13:52 | Farm |
| 13:52 | Farm |
| 13:55 | Magic Sentry |
| 13:59 | Farm |
| 14:06 | Arcane Tower |
| 14:32 | Guard Tower |
| 14:51 | Town Hall |
| 15:01 | Guard Tower |
| 15:19 | Scout Tower |
| 15:20 | Scout Tower |
| 15:21 | Scout Tower |
| 15:22 | Scout Tower |
| 15:22 | Scout Tower |
| 18:48 | Peasant |
| 18:48 | Peasant |
| 18:48 | Peasant |
| 18:48 | Peasant |
| 18:49 | Peasant |
| 20:23 | Peasant |
| 23:24 | Devotion Aura |
| Right click | 1185 |
| Select group | 903 |
| Select | 305 |
| Build/train/purchase | 78 |
| Use ability | 24 |
| Assign group | 15 |
| Minimap ping | 13 |
| Resource trade | 9 |
| Misc. action | 2 |
Cabeelibob
(194)
(24:26) : 
| Lesser Clarity Potion | 6 | 420 |
| Healing Salve | 1 | 100 |
| Potion of Healing | 1 | 150 |
| Potion of Mana | 1 | 200 |
| Orb of Lightning | 1 | 375 |
| Staff of Teleportation | 1 | 150 |
| Boots of Speed | 1 | 250 |
| Orb of Fire | 1 | 325 |
| total: | 13 | 1970g |
| Peon | 12 | 900 | / | 0 |
| Troll Batrider | 1 | 160 | / | 40 |
| Kodo Beast | 2 | 510 | / | 120 |
| Troll Witch Doctor | 4 | 580 | / | 100 |
| total: | 19 | 2150g | / | 260w |
| Watch Tower | 6 | 660 | / | 480 |
| Altar of Storms | 1 | 180 | / | 50 |
| Orc Burrow | 3 | 480 | / | 120 |
| Voodoo Lounge | 1 | 130 | / | 30 |
| War Mill | 1 | 205 | / | 0 |
| Spirit Lodge | 1 | 150 | / | 150 |
| Beastiary | 1 | 145 | / | 140 |
| Stronghold | 1 | 315 | / | 190 |
| Fortress | 1 | 325 | / | 190 |
| total: | 14 | 1950g | / | 970w |
| 0:03 | Altar of Storms |
| 0:07 | Orc Burrow |
| 0:07 | Peon |
| 0:23 | Peon |
| 0:38 | Peon |
| 0:52 | Peon |
| 1:05 | Voodoo Lounge |
| 1:14 | Peon |
| 1:32 | Peon |
| 1:35 | War Mill |
| 1:39 | Peon |
| 1:50 | Orc Burrow |
| 1:52 | Peon |
| 2:06 | Wind Walk |
| 2:27 | Peon |
| 2:42 | Peon |
| 3:19 | Watch Tower |
| 3:41 | Staff of Teleportation |
| 3:41 | Boots of Speed |
| 3:54 | Peon |
| 3:54 | Peon |
| 4:36 | Watch Tower |
| 5:29 | Stronghold |
| 5:46 | Watch Tower |
| 6:32 | Lesser Clarity Potion |
| 6:55 | Watch Tower |
| 7:08 | Orc Burrow |
| 8:12 | Watch Tower |
| 8:22 | Watch Tower |
| 8:44 | Critical Strike |
| 9:30 | Fortress |
| 10:09 | Healing Salve |
| 10:12 | Lesser Clarity Potion |
| 10:14 | Potion of Healing |
| 10:15 | Potion of Mana |
| 12:07 | Reinforced Defenses |
| 12:14 | Spirit Lodge |
| 12:17 | Beastiary |
| 12:28 | Orb of Lightning |
| 12:32 | Orb of Fire |
| 12:42 | Lesser Clarity Potion |
| 14:42 | Wind Walk |
| 15:15 | Witch Doctor Adept Training |
| 15:17 | War Drums Damage Increase |
| 15:17 | Liquid Fire |
| 15:24 | Troll Batrider |
| 15:25 | Kodo Beast |
| 15:41 | Lesser Clarity Potion |
| 17:29 | Lesser Clarity Potion |
| 18:24 | Critical Strike |
| 19:34 | Witch Doctor Master Training |
| 19:34 | Troll Witch Doctor |
| 19:34 | Troll Witch Doctor |
| 19:35 | Troll Witch Doctor |
| 19:35 | Troll Witch Doctor |
| 20:36 | Kodo Beast |
| 20:44 | Lesser Clarity Potion |
| 23:32 | Mirror Image |
| Right click | 809 |
| Select | 116 |
| Misc. action | 91 |
| Build/train/purchase | 81 |
| Select group | 80 |
| Resource trade | 62 |
| Chat | 29 |
| Item give/drop | 7 |
| Use ability | 5 |
| Esc | 4 |
| Remove unit | 2 |
| Assign group | 1 |